Map: Romanticide LE

Players

Trap - Winner!

  • Race: Protoss Protoss

DPGherO (herO)

  • Race: Protoss Protoss
  • League: Grandmaster

Event: ASUS ROG Fall 2021

VOD

Have the link to the VOD?

Description

Time

  • Played on: Sept. 17, 2021, 6:30 a.m.
  • Length: 6:53

All games in this series

Show
View Real Time Build Order
Export as new Build Order

Trap Protoss - Winner!

Build Orders: 1 Gate Expand 

Get SALT Encoding   

  12  0:00  Probe  
  13  0:12  Probe  
  14  0:19  Pylon  
  14  0:24  Probe (Chrono Boost)  
  15  0:37  Gateway, Probe (Chrono Boost)  
  16  0:45  Probe (Chrono Boost)  
  16  0:46  Assimilator  
  17  0:52  Probe  
  18  1:04  Probe  
  19  1:16  Probe  
  20  1:22  Nexus  
  20  1:32  Cybernetics Core  
  20  1:35  Probe  
  21  1:40  Assimilator  
  21  1:47  Probe  
  21  1:52  Pylon  
  22  1:59  Probe  
  23  2:07  Stalker (Chrono Boost), Warp Gate (Chrono Boost)  
  23  2:11  Probe  
  26  2:21  Robotics Facility  
  26  2:23  Probe (Chrono Boost)  
  27  2:30  Stalker (Chrono Boost)  
  27  2:34  Probe (Chrono Boost)  
  29  2:43  Probe (Chrono Boost)  
  29  2:44  Probe (Chrono Boost)  
  31  2:49  Probe x2 (Chrono Boost)  
  33  2:51  Sentry (Chrono Boost)  
  35  3:01  Probe x2  
  35  3:03  Shield Battery  
  37  3:07  Pylon  
  37  3:09  Observer  
  38  3:13  Gateway  
  38  3:18  Probe x2  
  40  3:27  Shield Battery  
  40  3:31  Shield Battery  
  40  3:35  Probe x2  
  39  3:45  Immortal  
  43  3:50  Probe (Chrono Boost)  
  43  3:51  Probe (Chrono Boost)  
  44  4:01  Probe (Chrono Boost)  
  44  4:02  Twilight Council  
  46  4:03  Probe (Chrono Boost)  
  46  4:07  Adept x2  
  46  4:09  Probe  
  50  4:12  Probe  
  51  4:21  Pylon, Probe  
  52  4:27  Probe  
  53  4:33  Blink (Chrono Boost), Probe  
  54  4:38  Gateway  
  54  4:41  Stalker  
  54  4:44  Stalker  
  58  4:50  Probe x2  
  60  5:02  Probe x2  
  62  5:08  Pylon x2  
  60  5:17  Adept  
  60  5:18  Adept, Gateway  
  60  5:19  Gateway  
  62  5:27  Gateway, Warp Prism (Chrono Boost)  
  62  5:33  Sentry  
  66  5:38  Assimilator  
  66  5:42  Pylon, Stalker  
  68  5:43  Sentry  
  70  5:56  Immortal  
  74  6:13  Stalker x2  
  74  6:15  Stalker  
  78  6:30  Stalker x2  
  80  6:33  Probe x2  
  82  6:34  Assimilator  
  82  6:39  Nexus  
Show
View Real Time Build Order
Export as new Build Order

DPGherO Protoss 

Build Orders: Phoenix Opening 

Get SALT Encoding   

  12  0:00  Probe  
  13  0:12  Probe  
  14  0:16  Pylon  
  14  0:24  Probe (Chrono Boost)  
  16  0:36  Gateway, Probe (Chrono Boost)  
  16  0:43  Probe (Chrono Boost)  
  16  0:46  Assimilator  
  17  0:50  Probe  
  17  0:53  Assimilator  
  18  1:03  Probe (Chrono Boost)  
  19  1:06  Gateway  
  20  1:12  Probe (Chrono Boost)  
  20  1:17  Probe (Chrono Boost)  
  20  1:23  Cybernetics Core  
  21  1:29  Probe  
  22  1:35  Pylon  
  22  1:41  Probe  
  23  1:53  Probe  
  24  1:57  Warp Gate (Chrono Boost)  
  24  2:00  Sentry, Stalker  
  28  2:12  Pylon  
  28  2:15  Shield Battery  
  30  2:31  Adept x2  
  30  2:34  Phoenix  
  32  2:37  Robotics Facility  
  32  2:38  Gateway  
  31  3:01  Stalker x2  
  35  3:13  Nexus  
  36  3:24  Warp Prism (Chrono Boost)  
  35  3:31  Probe  
  38  3:44  Pylon, Probe  
  37  4:00  Probe  
  42  4:03  Immortal (Chrono Boost)  
  42  4:07  Sentry x2  
  46  4:12  Probe  
  46  4:15  Pylon  
  47  4:26  Robotics Bay  
  47  4:29  Probe  
  46  4:39  Immortal (Chrono Boost)  
  50  4:50  Stalker  
  50  4:53  Adept  
  50  5:02  Probe x2  
  50  5:10  Disruptor (Chrono Boost)  
  51  5:15  Probe  
  51  5:20  Probe  
  52  5:24  Gravitic Drive (Chrono Boost)  
  52  5:30  Probe  
  52  5:32  Probe  
  54  5:47  Gateway  
  54  5:51  Gateway  
  54  6:00  Adept  
  54  6:01  Adept  
  54  6:02  Disruptor (Chrono Boost)  
  58  6:07  Probe x2  
  63  6:15  Pylon  
  63  6:19  Probe x2  
  63  6:30  Stalker x2  
Tags
 
Add a new tag
Caveats
  • Supply blocks, unpowered buildings, or Contaminate may cause inaccurate times.
  • Supply counts are checked every 10 seconds.